Cogmind - Beta 13 --- EXPLORER MODE // 2024.04.10 @ 11:48:48 Player: EtherNova Result: Destroyed by S-27 Virus with Autogun Performance ------------- Evolutions (5) 2500 Regions Visited (11) 2200 Robots Destroyed (23) 115 Value Destroyed (962) 962 Prototype IDs (7) 140 Alien Tech Used (0) 0 Bonus (270) 270 TOTAL SCORE: 6187 Bonus ------- Pacifist 270 Cogmind --------- Core Integrity 0/1000 Matter 300/300 Energy 99/100 System Corruption 5% Temperature Cool (0) Movement Core (50) Location -5/Extension Parts ------- > --- POWER (4) -------- (None) > --- PROPULSION (5) --- (None) > --- UTILITY (7) ------ (None) > --- WEAPON (2) ------- (None) > --- INVENTORY (5) ---- Nuclear Core Light Fission Core Core Shielding Gauss Rifle Peak State ------------ > --- POWER ------------ Micro Nuclear Core Micro Nuclear Core Light Fission Core > --- PROPULSION ------- Flight Unit Cesium-ion Thruster Xenon Bombardment Thruster Nuclear Pulse Thruster > --- UTILITY ---------- Power Amplifier Advanced Heat Sink Advanced Heat Sink Advanced Weight Redist. System Advanced Weight Redist. System Transmission Jammer Core Shielding > --- WEAPON ----------- Heavy EM Shotgun Phase Cannon > --- INVENTORY -------- Nuclear Core Improved Signal Interpreter Reaction Control System [Rating: 61] Favorites ----------- Power Micro Nuclear Core Engine Light Ion Engine Power Core Micro Nuclear Core Propulsion Flight Unit Flight Unit Flight Unit Utility Advanced Weight Redist. System Device Advanced Weight Redist. System Processor Targeting Computer Hackware Hacking Suite Protection Core Shielding Weapon Assault Rifle Energy Gun Heavy EM Shotgun Energy Cannon Phase Cannon Ballistic Gun Assault Rifle Ballistic Cannon Gauss Cannon Build | -11 -10 -10 -10 -9 -8 -7 -7 -7 -6 -5 -5 ------- Run | Yrd Mat Min Exi Min Mat Fac Was Fac Fac Fac Ext Slots Evolved 11 | . 1 . . . 4 2 . . 2 2 . Power 3 | . . . . . 1 . . . 1 1 . Propulsion 3 | . 1 . . . 1 . . . . 1 . Utility 5 | . . . . . 2 2 . . 1 . . Weapon . | . . . . . . . . . . . . Parts Attached 56 | 5 . 1 . 1 24 8 . 4 9 4 . Power 15 | 1 . . . . 5 4 . 3 1 1 . Engine 5 | 1 . . . . 2 1 . 1 . . . Core 10 | . . . . . 3 3 . 2 1 1 . Reactor . | . . . . . . . . . . . . Propulsion 15 | . . 1 . . 9 2 . 1 2 . . Treads . | . . . . . . . . . . . . Leg . | . . . . . . . . . . . . Wheel . | . . . . . . . . . . . . Hover . | . . . . . . . . . . . . Flight 15 | . . 1 . . 9 2 . 1 2 . . Utility 15 | 2 . . . . 6 2 . . 3 2 . Device 9 | . . . . . 3 2 . . 3 1 . Storage . | . . . . . . . . . . . . Processor 4 | 2 . . . . 1 . . . . 1 . Hackware 1 | . . . . . 1 . . . . . . Protection 1 | . . . . . 1 . . . . . . Artifact . | . . . . . . . . . . . . Weapon 11 | 2 . . . 1 4 . . . 3 1 . Energy Gun 2 | . . . . . 2 . . . . . . Energy Cannon 4 | . . . . . 1 . . . 2 1 . Ballistic Gun 4 | 2 . . . 1 . . . . 1 . . Ballistic Cannon 1 | . . . . . 1 . . . . . . Launcher . | . . . . . . . . . . . . Special Weapon . | . . . . . . . . . . . . Impact Weapon . | . . . . . . . . . . . . Slashing Weapon . | . . . . . . . . . . . . Piercing Weapon . | . . . . . . . . . . . . Special Melee Weapon . | . . . . . . . . . . . . Unidentified Prototypes 4 | . . . . . 2 1 . . 1 . . Parts Lost 20 | . . . . 1 2 . . . 8 5 4 Power 3 | . . . . . . . . . . 1 2 Propulsion 7 | . . . . . 2 . . . 5 . . Utility 8 | . . . . 1 . . . . 2 3 2 Weapon 2 | . . . . . . . . . 1 1 . Highest Loss Streak 4 | . . . . 1 1 . . . 3 4 3 To Critical Strikes . | . . . . . . . . . . . . Average Slot Usage (%) 64 | . 58 44 50 62 89 98 100 98 81 43 29 Engine 4 | . 12 12 12 12 10 2 . . . . . Core 7 | . . . . . 4 10 14 13 12 10 9 Flight 14 | . . 7 12 12 30 28 28 28 21 . . Device 13 | . . . . . 8 21 21 21 25 21 9 Processor 11 | . 25 25 25 25 15 14 14 12 4 4 4 Protection 2 | . . . . . 2 7 7 7 5 . . Energy Gun 3 | . . . . . 6 7 7 7 5 . . Energy Cannon 3 | . . . . . 6 . . . 5 5 4 Ballistic Gun 1 | . 21 . . 12 . . . . . . . Ballistic Cannon 1 | . . . . . . 7 7 7 . . . Naked Turns 13 | . . . . . . . . . . . 13 Heaviest Build 33 | 7 7 3 3 5 23 26 26 30 30 33 22 Greatest Support 30 | 3 3 4 4 4 15 26 26 27 30 12 12 Greatest Overweight (x) 10 | 2 2 . . 1 2 . . 1 1 10 7 Average Overweight (x) . | 1 1 . . . . . . . . 1 3 Largest Inventory Capacity 5 | 5 5 5 5 5 5 5 5 5 5 5 5 Average Capacity 5 | 5 5 5 5 5 5 5 5 5 5 5 5 Most Carried 5 | 4 3 4 5 4 5 5 5 5 5 5 4 Average Carried 3 | 1 1 3 3 3 2 3 4 4 3 3 4 Final Capacity 5 | 5 5 5 5 5 5 5 5 5 5 5 5 Final Carried 5 | 1 3 3 4 3 5 4 5 4 5 4 4 Class Distribution -------------------- 80% | Hacker-Mutant 19% | Hacker-Sprinter Dominant Class ---------------- Hacker-Mutant | -10/Materials Hacker-Mutant | -10/Mines Hacker-Mutant | -10/Exiles Hacker-Mutant | -9/Mines Hacker-Mutant | -8/Materials Hacker-Sprinter | -7/Factory Hacker-Sprinter | -7/Waste Hacker-Sprinter | -7/Factory Hacker-Sprinter | -6/Factory Hacker-Mutant | -5/Factory Hacker-Mutant | -5/Extension Resources | -11 -10 -10 -10 -9 -8 -7 -7 -7 -6 -5 -5 ----------- Run | Yrd Mat Min Exi Min Mat Fac Was Fac Fac Fac Ext Matter Collected 750 | 121 55 18 . . 300 2 112 12 115 15 . Remotely . | . . . . . . . . . . . . Salvage Created 1073 | . . . . . 404 48 . . 357 220 44 Parts 67 | . . . . . 24 4 . . 22 10 7 Haulers Intercepted 1 | . . . . . 1 . . . . . . Recyclers Shooed . | . . . . . . . . . . . . Parts Field Recycled . | . . . . . . . . . . . . Retrieved Matter . | . . . . . . . . . . . . Parts Self-Destructed . | . . . . . . . . . . . . Prevented . | . . . . . . . . . . . . Kills | -11 -10 -10 -10 -9 -8 -7 -7 -7 -6 -5 -5 ------- Run | Yrd Mat Min Exi Min Mat Fac Was Fac Fac Fac Ext Combat Hostiles Destroyed 19 | . . . . . 8 1 . . 5 4 1 Melee 1 | . . . . . . . . . . . 1 Guns 6 | . . . . . 4 . . . 2 . . Cannons 9 | . . . . . 2 1 . . 3 3 . Classes Destroyed 8 | . . . . . 5 1 . . . 1 1 Builder 1 | . . . . . . . . . . . 1 Hauler 1 | . . . . . 1 . . . . . . Watcher 2 | . . . . . 1 . . . 1 . . Swarmer 4 | . . . . . 3 . . . . . 1 Grunt 5 | . . . . . 2 . . . 3 . . Sentry 4 | . . . . . 3 . . . 1 . . Hunter 2 | . . . . . . . . . . 2 . Programmer 4 | . . . . . . 1 . . 1 2 . Best Kill Streak 5 | . . . . . 5 1 . . 4 3 2 Combat Bots Only 4 | . . . . . 3 1 . . 4 3 1 Max Kills in Single Turn 2 | . . . . . 2 1 . . 1 1 1 Gunslinging . | . . . . . . . . . . . . Exploded . | . . . . . . . . . . . . Melee 1 | . . . . . . . . . . . 1 Uniques/NPCs Destroyed . | . . . . . . . . . . . . Combat | -11 -10 -10 -10 -9 -8 -7 -7 -7 -6 -5 -5 -------- Run | Yrd Mat Min Exi Min Mat Fac Was Fac Fac Fac Ext Hostile Shots Fired 348 | . . . . 32 70 5 . . 74 61 106 Missed 108 | . . . . 12 16 1 . . 24 17 38 Damage Taken 2594 | . . . . 165 423 38 . . 540 638 790 Core 1295 | . . . . 60 105 . . . 125 324 681 Absorbed by Shields . | . . . . . . . . . . . . Redirected to Shielding 8 | . . . . . 5 . . . 3 . . Ignored by Resistances 1453 | . . . . 102 253 23 . . 334 301 440 Regen/Repaired (Parts) 72 | . . . . . . 72 . . . . . Core Remaining (%) 88 | 100 . . . 76 80 . . 100 85 . . Volleys Fired 83 | . . . . 7 33 4 2 . 16 21 . Largest 2 | . . . . 1 2 2 1 . 2 2 . Hottest 175 | . . . . 20 116 98 48 . 135 175 . Shots Fired 131 | . . . . 7 48 8 2 . 32 34 . Gun 57 | . . . . 7 30 4 . . 16 . . Cannon 74 | . . . . . 18 4 2 . 16 34 . Launcher . | . . . . . . . . . . . . Special . | . . . . . . . . . . . . Kinetic 13 | . . . . 7 . 4 2 . . . . Thermal 93 | . . . . . 43 . . . 16 34 . Explosive . | . . . . . . . . . . . . Electromagnetic 25 | . . . . . 5 4 . . 16 . . Robot Hit Streak 28 | . . . . 6 20 6 8 . 28 15 . Robot Miss Streak 2 | . . . . . 2 1 . . 1 2 . Penetration Max . | . . . . . . . . . . . . Secondary Targets . | . . . . . . . . . . . . Shots Hit Robots 107 | . . . . 6 38 7 2 . 27 27 . Core Hits 49 | . . . . 2 18 2 . . 13 5 9 Critical Kills . | . . . . . . . . . . . . Critical Parts Destroyed . | . . . . . . . . . . . . Critical Strikes 3 | . . . . . 3 . . . . . . Burn 3 | . . . . . 3 . . . . . . Melee Attacks . | . . . . . . . . . . . . Impact . | . . . . . . . . . . . . Slashing . | . . . . . . . . . . . . Piercing . | . . . . . . . . . . . . Sneak Attacks . | . . . . . . . . . . . . Combat Hostiles . | . . . . . . . . . . . . Follow-up Attacks . | . . . . . . . . . . . . Damage Inflicted 2986 | . . . . 75 913 126 58 . 692 997 125 Guns 918 | . . . . 75 453 36 . . 354 . . Cannons 1795 | . . . . . 312 90 58 . 338 997 . Explosions 98 | . . . . . 98 . . . . . . Melee . | . . . . . . . . . . . . Ramming 175 | . . . . . 50 . . . . . 125 Kinetic 223 | . . . . 75 . 90 58 . . . . Thermal 2097 | . . . . . 762 . . . 338 997 . Explosive . | . . . . . . . . . . . . Electromagnetic 491 | . . . . . 101 36 . . 354 . . Impact . | . . . . . . . . . . . . Slashing . | . . . . . . . . . . . . Piercing . | . . . . . . . . . . . . Highest Corruption 5 | . . . . 3 1 1 1 1 1 1 5 Average Corruption 1 | . . . . 3 1 1 1 1 1 1 1 Corruption Purged . | . . . . . . . . . . . . Corruption Blocked . | . . . . . . . . . . . . Effects 4 | . . . . . 1 . . 2 . . 1 Message Errors 1 | . . . . . 1 . . . . . . Heat Flow Errors 1 | . . . . . . . . 1 . . . Energy Discharges 1 | . . . . . . . . 1 . . . Data Loss (major) 1 | . . . . . . . . . . . 1 Overload Shots . | . . . . . . . . . . . . Overflow Damage 99 | . . . . . 28 . . . . 71 . Projectiles 99 | . . . . . 28 . . . . 71 . Explosions . | . . . . . . . . . . . . Melee . | . . . . . . . . . . . . Knockbacks 1 | . . . . . . 1 . . . . . Impact . | . . . . . . . . . . . . Kinetic 1 | . . . . . . 1 . . . . . Secondary . | . . . . . . . . . . . . Self-Inflicted Damage 83 | . . . . . 24 . . . . . 59 Shots . | . . . . . . . . . . . . Rammed 32 | . . . . . 6 . . . . . 26 Targets Rammed 32 | . . . . . 6 . . . . . 26 Kicked . | . . . . . . . . . . . . Crushed . | . . . . . . . . . . . . Highest Temperature 547 | . . . . . 460 3 . 146 261 547 . Average Temperature 169 | . . . . . 135 3 . 76 111 258 . Received Heat Transfer 783 | . . . . 135 225 . . . 303 . 120 Effects 13 | . . . . . 2 . . . . 11 . Shutdowns 4 | . . . . . 1 . . . . 3 . Interference 5 | . . . . . . . . . . 5 . Short Circuit 2 | . . . . . 1 . . . . 1 . Damage (minor) 1 | . . . . . . . . . . 1 . Damage (core) 1 | . . . . . . . . . . 1 . Siege Activations . | . . . . . . . . . . . . Robots Corrupted . | . . . . . . . . . . . . Combat Hostiles . | . . . . . . . . . . . . Parts Fried 2 | . . . . . . . . . 2 . . Impact Corruptions . | . . . . . . . . . . . . Robots Melted 3 | . . . . . 2 . . . . 1 . Combat Hostiles 3 | . . . . . 2 . . . . 1 . Parts Melted 11 | . . . . . 6 . . . . 5 . Heat Transferred 3023 | . . . . . 1617 . . . 407 999 . Parts Sabotaged . | . . . . . . . . . . . . Parts Stolen . | . . . . . . . . . . . . Parts Stripped . | . . . . . . . . . . . . Power Chain Reactions 1 | . . . . . 1 . . . . . . Alert | -11 -10 -10 -10 -9 -8 -7 -7 -7 -6 -5 -5 ------- Run | Yrd Mat Min Exi Min Mat Fac Was Fac Fac Fac Ext Peak Influence 258 | . . 15 . . 199 107 25 31 258 90 40 Initial 27 | . . . . . . 27 25 13 10 7 8 Average 36 | . . 9 . . 93 53 25 17 73 15 10 Maximum Alert Level 1 | . . . . . . . . . 1 . . Low Security (%) 96 | 100 100 100 . 100 100 100 100 100 82 100 100 Level 1 3 | . . . . . . . . . 17 . . Level 2 . | . . . . . . . . . . . . Level 3 . | . . . . . . . . . . . . Level 4 . | . . . . . . . . . . . . Level 5 . | . . . . . . . . . . . . High Security . | . . . . . . . . . . . . Max Security . | . . . . . . . . . . . . Squads Dispatched 10 | . . . . . 1 . . 1 4 1 3 Investigation 8 | . . . . . 1 . . 1 3 . 3 Extermination 2 | . . . . . . . . . 1 1 . Reinforcement . | . . . . . . . . . . . . Assault . | . . . . . . . . . . . . Garrison . | . . . . . . . . . . . . Intercept . | . . . . . . . . . . . . Searches Triggered . | . . . . . . . . . . . . Construction Impeded . | . . . . . . . . . . . . Haulers Reinforced . | . . . . . . . . . . . . Active Scanning Responses . | . . . . . . . . . . . . Cargo Convoy Interrupts . | . . . . . . . . . . . . Stealth | -11 -10 -10 -10 -9 -8 -7 -7 -7 -6 -5 -5 --------- Run | Yrd Mat Min Exi Min Mat Fac Was Fac Fac Fac Ext Distress Signals 3 | . . . . . 2 . . . . . 1 Communications Jammed . | . . . . . . . . . . . . Distress Signals . | . . . . . . . . . . . . Times Spotted 62 | . . 2 . 4 16 5 . . 13 5 17 Peak Tracking Total 12 | . . 2 . 4 6 3 . . 4 3 12 Tactical Retreats 4 | . . 1 . . . . . . 2 . 1 Traps | -11 -10 -10 -10 -9 -8 -7 -7 -7 -6 -5 -5 ------- Run | Yrd Mat Min Exi Min Mat Fac Was Fac Fac Fac Ext Traps Triggered 8 | . . . . . 3 1 . . 3 . 1 Indirectly . | . . . . . . . . . . . . Trap Hack Attempts . | . . . . . . . . . . . . Triggered . | . . . . . . . . . . . . Disarmed . | . . . . . . . . . . . . Reprogrammed 11 | . . . . . . . . . 11 . . Reused 1 | . . . . . . . . . 1 . . Traps Extracted . | . . . . . . . . . . . . Installed . | . . . . . . . . . . . . Triggered 1 | . . . . . . . . . 1 . . Machines | -11 -10 -10 -10 -9 -8 -7 -7 -7 -6 -5 -5 ---------- Run | Yrd Mat Min Exi Min Mat Fac Was Fac Fac Fac Ext Machines Disabled 2 | . . . . . 1 . . . . 1 . Max in Single Turn 1 | . . . . . 1 . . . . 1 . Machines Repaired . | . . . . . . . . . . . . Machines Dismantled . | . . . . . . . . . . . . Machines Sabotaged . | . . . . . . . . . . . . Overloaded Fab Kills . | . . . . . . . . . . . . Hacking | -11 -10 -10 -10 -9 -8 -7 -7 -7 -6 -5 -5 --------- Run | Yrd Mat Min Exi Min Mat Fac Was Fac Fac Fac Ext Machines Accessed 15 | . . . . . 2 1 . 2 5 2 3 Terminals 12 | . . . . . 2 . . 1 4 2 3 Fabricators . | . . . . . . . . . . . . Repair Stations 1 | . . . . . . 1 . . . . . Recycling Units . | . . . . . . . . . . . . Scanalyzers 1 | . . . . . . . . 1 . . . Garrison Access 1 | . . . . . . . . . 1 . . Total Hacks 39 | . . . . . 7 2 . 5 14 2 9 Successful 17 | . . . . . 4 2 . 4 4 2 1 Failed 22 | . . . . . 3 . . 1 10 . 8 Catastrophic 2 | . . . . . . . . . 1 . 1 Database Lockouts . | . . . . . . . . . . . . Manual 1 | . 1 . . . . . . . . . . Terminals 30 | . . . . . 7 . . 1 11 2 9 Fabricators . | . . . . . . . . . . . . Repair Stations 2 | . . . . . . 2 . . . . . Recycling Units . | . . . . . . . . . . . . Scanalyzers 4 | . . . . . . . . 4 . . . Garrison Access 3 | . . . . . . . . . 3 . . Terminal Hacks 12 | . . . . . 4 . . 1 4 2 1 Prototype ID Bank 1 | . . . . . 1 . . . . . . Open Door 2 | . . . . . . . . . . 1 1 Branch Access Points 1 | . . . . . 1 . . . . . . Emergency Access Points 1 | . . . . . 1 . . . . . . Reprogram Traps 2 | . . . . . . . . . 2 . . Recall Investigation 1 | . . . . . . . . . 1 . . Zone Layout 4 | . . . . . 1 . . 1 1 1 . Fabricator Hacks . | . . . . . . . . . . . . Repair Station Hacks 2 | . . . . . . 2 . . . . . Scan Component 1 | . . . . . . 1 . . . . . Repair 1 | . . . . . . 1 . . . . . Recycling Unit Hacks . | . . . . . . . . . . . . Scanalyzer 3 | . . . . . . . . 3 . . . Insert Component 1 | . . . . . . . . 1 . . . Analyze 2 | . . . . . . . . 2 . . . Garrison Access Hacks . | . . . . . . . . . . . . Unauthorized Hacks . | . . . . . . . . . . . . Terminals . | . . . . . . . . . . . . Fabricators . | . . . . . . . . . . . . Repair Stations . | . . . . . . . . . . . . Recycling Units . | . . . . . . . . . . . . Scanalyzers . | . . . . . . . . . . . . Garrison Access . | . . . . . . . . . . . . Data Cores Recovered . | . . . . . . . . . . . . Used . | . . . . . . . . . . . . Hacking Detections 13 | . . . . . 2 1 . 2 4 1 3 Full Trace Events 8 | . . . . . 1 . . 1 3 . 3 Feedback Events . | . . . . . . . . . . . . Feedback Blocked . | . . . . . . . . . . . . Robot Schematics Acquired . | . . . . . . . . . . . . Robots Built . | . . . . . . . . . . . . Authchips . | . . . . . . . . . . . . Time . | . . . . . . . . . . . . Total Robot Build Rating . | . . . . . . . . . . . . Part Schematics Acquired 1 | . . . . . . . . 1 . . . Parts Built . | . . . . . . . . . . . . Authchips . | . . . . . . . . . . . . Time . | . . . . . . . . . . . . Total Part Build Rating . | . . . . . . . . . . . . Parts Repaired 1 | . . . . . . 1 . . . . . Time 19 | . . . . . . 19 . . . . . Parts Recycled . | . . . . . . . . . . . . Recycled Matter . | . . . . . . . . . . . . Retrieved Matter . | . . . . . . . . . . . . Retrieved Components . | . . . . . . . . . . . . Parts Scanalyzed 1 | . . . . . . . . 1 . . . Part Schematics Acquired 1 | . . . . . . . . 1 . . . Parts Damaged . | . . . . . . . . . . . . Bothacking | -11 -10 -10 -10 -9 -8 -7 -7 -7 -6 -5 -5 ------------ Run | Yrd Mat Min Exi Min Mat Fac Was Fac Fac Fac Ext Used RIF Installer . | . . . . . . . . . . . . Robots Hacked . | . . . . . . . . . . . . Non-combat . | . . . . . . . . . . . . Combat . | . . . . . . . . . . . . Robot Hacks Applied . | . . . . . . . . . . . . Relay Couplers Released . | . . . . . . . . . . . . Fabnet Peak Effective % . | . . . . . . . . . . . . Robots Rewired . | . . . . . . . . . . . . Allies Hacked . | . . . . . . . . . . . . Hacks Repelled . | . . . . . . . . . . . . Allies | -11 -10 -10 -10 -9 -8 -7 -7 -7 -6 -5 -5 -------- Run | Yrd Mat Min Exi Min Mat Fac Was Fac Fac Fac Ext Total Allies 1 | . . . . . . . . . . . 1 Largest Group 1 | . . . . . . . . . . . 1 Highest-Rated Group 25 | . . . . . . . . . . . 25 Highest-Rated Ally 25 | . . . . . . . . . . . 25 Total Orders . | . . . . . . . . . . . . Ally Attacks 8 | . . . . . . . . . . . 8 Total Damage 283 | . . . . . . . . . . . 283 Kills . | . . . . . . . . . . . . Allies Corrupted . | . . . . . . . . . . . . Allies Melted . | . . . . . . . . . . . . Intel | -11 -10 -10 -10 -9 -8 -7 -7 -7 -6 -5 -5 ------- Run | Yrd Mat Min Exi Min Mat Fac Was Fac Fac Fac Ext Robot Analysis Total . | . . . . . . . . . . . . Derelict Logs Recovered . | . . . . . . . . . . . . Drone Launches . | . . . . . . . . . . . . Drone Recoveries . | . . . . . . . . . . . . Exploration | -11 -10 -10 -10 -9 -8 -7 -7 -7 -6 -5 -5 ------------- Run | Yrd Mat Min Exi Min Mat Fac Was Fac Fac Fac Ext Turns Passed 3659 | 492 158 107 282 29 572 153 31 174 596 553 512 Spaces Moved 4147 | 69 121 123 698 16 443 431 92 541 1058 357 198 Core 801 | 69 121 44 . . . . . . 12 357 198 Treads . | . . . . . . . . . . . . Legs . | . . . . . . . . . . . . Wheels . | . . . . . . . . . . . . Hover . | . . . . . . . . . . . . Flight 3346 | . . 79 698 16 443 431 92 541 1046 . . Fastest Speed 26 | 50 50 40 40 40 26 28 28 28 28 100 50 Average Speed 63 | 123 129 43 40 90 86 28 28 28 40 132 235 Slowest Speed 550 | 150 150 50 40 120 195 28 28 98 114 550 400 Overloaded Moves . | . . . . . . . . . . . . Propulsion Burnouts . | . . . . . . . . . . . . Robots Hopped 11 | . . . . . . 8 . 1 2 . . Cave-ins Triggered . | . . . . . . . . . . . . Exploration Rate (%) 28 | 10 25 26 91 8 30 8 69 10 17 7 39 Regions Visited 11 Branch Regions 4 Pre-discovered Areas . | . . . . . . . . . . . . Known Exits Taken 9 | 1 1 1 1 1 1 . . 1 1 1 . Unknown Exits Taken . | . . . . . . . . . . . . Scrap Searched . | . . . . . . . . . . . . Spaces Dug . | . . . . . . . . . . . . Terrain Destroyed 8 | . . . . . 1 1 . . 2 4 . Melee . | . . . . . . . . . . . . Projectile 8 | . . . . . 1 1 . . 2 4 . AOE . | . . . . . . . . . . . . Terrain Rammed . | . . . . . . . . . . . . Walls Destroyed . | . . . . . . . . . . . . Machines Disabled . | . . . . . . . . . . . . Actions | -11 -10 -10 -10 -9 -8 -7 -7 -7 -6 -5 -5 --------- Run | Yrd Mat Min Exi Min Mat Fac Was Fac Fac Fac Ext Total 5031 | 476 122 175 700 23 591 447 94 565 1192 405 241 Wait 606 | 397 . 51 . . 44 . . . 97 17 . Move 4116 | 68 120 122 697 15 442 416 91 538 1053 356 198 Hop 10 | . . . . . . 7 . 1 2 . . Pick Up 71 | 6 . 1 2 . 31 7 1 10 8 5 . Fast Attach . | . . . . . . . . . . . . Attach 44 | 5 . 1 . 1 23 3 . 1 6 4 . Detach 4 | . 2 . . . . . . . 2 . . Swap 12 | . . . . . 1 5 . 3 3 . . Drop 38 | . . . 1 . 11 5 . 12 5 2 2 Fire 83 | . . . . 7 33 4 2 . 16 21 . Melee . | . . . . . . . . . . . . Ram 32 | . . . . . 6 . . . . . 26 Kick . | . . . . . . . . . . . . Crush . | . . . . . . . . . . . . Escape Stasis 15 | . . . . . . . . . . . 15 Rewire . | . . . . . . . . . . . . Trap . | . . . . . . . . . . . . Miscellaneous . | . . . . . . . . . . . . Route ------- -11/Scrapyard -10/Materials (discovered 2 exits: *Mat / *Min) -10/Mines -10/Exiles -9/Mines -8/Materials -7/Factory -7/Waste -7/Factory -6/Factory -5/Factory -5/Extension History --------- Turn | Location | Event 13 | -11/Scrapyard | Identified exit to Materials 13 | -11/Scrapyard | Discovered exit to Materials (range 15) 493 | -11/Scrapyard | Entered Materials 493 | -10/Materials | Evolved 1 slot: Propulsion x1 494 | -10/Materials | Build established: Hacker-Mutant 592 | -10/Materials | Met 8R-AWN 612 | -10/Materials | Identified exit to Materials 612 | -10/Materials | Discovered exit to Materials (range 11) 647 | -10/Materials | Identified exit to Mines 647 | -10/Materials | Discovered exit to Mines (range 7) 651 | -10/Materials | Entered Mines 652 | -10/Mines | Followed 8R-AWN into the Mines 755 | -10/Mines | Identified exit to Exiles 755 | -10/Mines | Discovered exit to Exiles (range 5) 758 | -10/Mines | Entered Exiles 777 | -10/Exiles | Welcomed by 8R-AWN 787 | -10/Exiles | Met EX-HEX 813 | -10/Exiles | Met EX-DEC 827 | -10/Exiles | Visited The Gauntlet 916 | -10/Exiles | Identified exit to Mines 916 | -10/Exiles | Discovered exit to Mines (range 12) 959 | -10/Exiles | Met EX-BIN 1040 | -10/Exiles | Entered Mines 1043 | -9/Mines | Identified exit to Materials 1043 | -9/Mines | Discovered exit to Materials (range 9) 1069 | -9/Mines | Entered Materials 1069 | -8/Materials | Evolved 4 slots: Power x1, Propulsion x1, Utility x2 1586 | -8/Materials | Identified exit to Factory 1586 | -8/Materials | Discovered exit to Factory (range 16) 1641 | -8/Materials | Entered Factory 1641 | -7/Factory | Evolved 2 slots: Utility x2 1644 | -7/Factory | Identified exit to Factory 1644 | -7/Factory | Discovered exit to Factory (range 15) 1770 | -7/Factory | Repaired Nuclear Core 1794 | -7/Factory | Sucked down chute 1794 | -7/Factory | Entered Waste 1794 | -7/Waste | The area was eerily silent 1815 | -7/Waste | Identified exit to Factory 1815 | -7/Waste | Discovered exit to Factory (range 13) 1825 | -7/Waste | Entered Factory 1960 | -7/Factory | Discovered exit to Factory (range 3) 1999 | -7/Factory | Entered another Factory area 1999 | -6/Factory | Evolved 2 slots: Power x1, Utility x1 2005 | -6/Factory | Build established: Hacker-Sprinter 2197 | -6/Factory | Spotted B-75 Beast 2587 | -6/Factory | Identified exit to Factory 2587 | -6/Factory | Discovered exit to Factory (range 6) 2595 | -6/Factory | Entered another Factory area 2595 | -5/Factory | Evolved 2 slots: Power x1, Propulsion x1 2614 | -5/Factory | Lost 3 parts (2n1w) 2694 | -5/Factory | Build established: Hacker-Mutant 2888 | -5/Factory | Identified exit to Extension 2888 | -5/Factory | Discovered exit to Extension (range 14) 3023 | -5/Factory | Lost 4 parts (1p2u1w) 3148 | -5/Factory | Entered Extension 3420 | -5/Extension | Rescued a captive Derelict 3609 | -5/Extension | Core integrity fell below 50% 3642 | -5/Extension | Lost 3 parts (2p1u) 3645 | -5/Extension | Core integrity fell below 20% 3651 | -5/Extension | Spotted B-75 Beast 3658 | -5/Extension | Spotted B-75 Beast 3660 | -5/Extension | Destroyed by S-27 Virus with Autogun Last Messages --------------- Slammed into H-66 Slayer. Adv. Weight Redist. System destroyed. System corrupted by crushing effect (+1). Penetrated by Slug. Slug penetrates Wall. Slammed into H-66 Slayer. Penetrated by Slug. Slug penetrates Wall. Terminal disabled. Slug penetrates Wall. Slammed into G-50 Soldier. Destabilizing: System interference. Imp. Signal Interpreter temporarily disabled. Critical hit (Burn: +37). Slammed into G-50 Soldier. Imp. Signal Interpreter destroyed. System corrupted by crushing effect (+1). Slammed into G-50 Soldier. Destabilizing: System corrupted (+1). Slammed into G-50 Soldier. Map ----- +----------------------------------------------------+ | #????????# #####??????????????????????? | | #????????# / #??????????????????????? | | #????????# #??????????????????????? | | ####??????#T# /[#??????????????????????? | | ??????????" /[#??????????????????????? | | ??????????### #??????????????????????? | | ????????????# #??????????????????????? | | ????????????# ""T"" #??????????????????????? | | ????????????# """"" %#??????????????????????? | | ????????????#############%#??????????????????????? | | ????????????????????????#g#??????????????????????? | | ????????????????????????#%#??????????????????????? | | ????????????????????????#%#??????????????????????? | | ??????????????????????###g#??????????????????????? | | ??????????????????????#T#%#??????????????????????? | | ??????????????????????" %#??????????????????????? | | ??????????????????????###s#??????????????????????? | | ????????????????????????#%#??????????????????????? | | ????????????????????????#%#??????????????????????? | | ????????????????????????#%#??????????????????????? | | ????????????????????????#%#??##??#???????????????? | | ??????????????????????###%### ## ### ????????????? | | ??????????????????????#""%"" Y "" "???????????? | | ??????????????????????# "%" " " ??????????? | | ??????????????????????# g%Y #?????????? | | ??????????????????????# @ #?????????? | | ??????????????????????# #?????????? | | ????????????????????? u ????????? | | ??????????????????? ?????????? | | ????????????????? ?????????? | | ??????????????? ??????????? | | ????????????? RR A A k ??????????? | | ????????????########### BB BB ??????????? | | ??????????????????????# BB BB ???????????? | | ??????????????????????# ???????????? | | ??????????????????????# ????????????? | | ??????????????????????# ????????????? | | ??????????????????????######T#"""##??????????????? | | ????????????????????????????##???????????????????? | | ?????????????????????????????????????????????????? | | | | | | | | | | | | | | | | | | | | | +----------------------------------------------------+ Best States ------------- Heat Dissipation 75 Energy Generation 32 Energy Capacity 360 Matter Stores 300 Matter Capacity 300 Sight Range 16 Terrain Scan Density 10 Jamming Range 12 Power Amplification 20 Additional Mass Support 9 Resistance: KI 35 Resistance: TH 35 Resistance: EX 35 Resistance: EM 35 Resistance: I 35 Resistance: S 35 Resistance: P 35 Core Shielding 20 Evasion (%) 64 Targeting Accuracy 10 Offensive Hacking 30 Item Schematics ----------------- Cld. Deuterium Engine | -7/Factory | Scanalyzed Robot Schematics ------------------ None Fabricated ------------ Nothing Alien Tech Used ----------------- None Achievements -------------- Fist Fight GoHome() Party Time Challenges ------------ None Game ------ Seed PlatingGammaMinigun Manual? 0 Play Time 00:43:01 Cumulative 4.1 hours Start 2024.04.10 @ 10:35:57 End 2024.04.10 @ 11:48:48 Sessions 1 Manual Loads 0 Difficulty Explorer Special Mode None Game No. 8 Rogue 0 Adventurer 0 Explorer 8 Win Type - Total 0 Types 0/0/0/0/0/0/0/0/0 Lore% 3 Gallery% 15 Achievement% 14 Wizard Run 0 Options --------- Layout 1 ASCII 0 Keyboard 0 Movement Arrows Keybinds 0 Fullscreen 2 Font 24/Smallcaps Map View 50x40 Zoom Use 94% Tactical HUD 0 Map Filters NONE Filters NONE Steam 1 RUN: f4dc540b-aae5-4285-a172-9b1382050eaf